 Dungeon Crawl Stone Soup version 0.29-a0-620-g13ace881f2 (webtiles) character file.

Game seed: 17261358679329233530

30 xian the Conjurer (level 3, -2/19 HPs)
             Began as a Tengu Conjurer on June 19, 2022.
             Slain by a kobold
             ... wielding a +0 club
              (3 damage)
             ... on level 2 of the Dungeon.
             The game lasted 00:02:22 (1333 turns).

xian the Conjurer (Tengu Conjurer)                  Turns: 1333, Time: 00:02:22

Health: -2/19      AC:  2    Str:  7    XL:     3   Next: 20%
Magic:  7/7        EV: 12    Int: 26    God:
Gold:   48         SH:  0    Dex: 12    Spells: 5/6 levels left

rFire   . . .      SeeInvis .   (no weapon)
rCold   . . .      Faith    .   (no shield)
rNeg    . . .      Spirit   .   a - +0 robe
rPois   .          Reflect  .   (helmet restricted)
rElec   .          Harm     .   (no cloak)
rCorr   .          Rampage  .   (no gloves)
Will    .....                   (boots unavailable)
Stlth   ++........              (no amulet)
HPRegen 0.06/turn               f - +6 ring of intelligence
MPRegen 0.10/turn               (no ring)

@: no status effects
A: beak, talons 3
a: no special abilities


You were on level 2 of the Dungeon.
You visited 1 branch of the dungeon, and saw 2 of its levels.

You collected 48 gold pieces.

Inventory:

Armour
 a - a +0 robe (worn)
Jewellery
 f - a +6 ring of intelligence (left hand)
Scrolls
 g - 2 scrolls of enchant armour
Potions
 b - a potion of magic
 c - a potion of mutation {unknown}
 e - a potion of heal wounds


   Skills:
 + Level 2.3 Dodging
 + Level 2.1 Stealth
 + Level 2.4 Spellcasting
 + Level 6.1 Conjurations


You had 5 spell levels left.
You knew the following spells:

 Your Spells              Type           Power      Damage    Failure   Level
a - Magic Dart            Conj           100%       1d8       1%          1

Your spell library contained the following spells:

 Spells                   Type           Power      Damage    Failure   Level
 Searing Ray              Conj           68%        2d6       1%          2
 Dazzling Flash           Conj/Hex       38%        N/A       9%          3
 Fulminant Prism          Conj/Hex       9%         3d7       28%         4
 Iskenderun's Mystic Bla  Conj/Tloc      19%        2d6       28%         4


Dungeon Overview and Level Annotations

Branches:
Dungeon (2/15)

Altars:

Shops:
D:1 :


Innate Abilities, Weirdness & Mutations

You have a beak for a mouth.
You have claws for feet.


Message History

You hit the giant cockroach but do no damage.
The giant cockroach bites you but does no damage.
You barely miss the giant cockroach. Your kick misses the giant cockroach.
You peck the giant cockroach, but do no damage.
The giant cockroach misses you.
You closely miss the giant cockroach. You claw the giant cockroach.
The giant cockroach is moderately wounded.
The giant cockroach bites you.
You barely miss the giant cockroach. You claw the giant cockroach.
The giant cockroach is severely wounded.
The giant cockroach bites you but does no damage.
The kobold barely misses you. The endoplasm freezes you.
You are frozen.
You closely miss the giant cockroach.
The giant cockroach is severely wounded.
The giant cockroach barely misses you. The kobold hits you with a +0 club.
The giant cockroach barely misses you. The endoplasm hits you.
The endoplasm attacks as you move away! The endoplasm barely misses you.
You see here a fizzy pink potion.
You hit the giant cockroach.
You kill the giant cockroach!
You feel your willpower return. The kobold misses you. The endoplasm hits you.
You hit the endoplasm. You claw the endoplasm.
You kill the endoplasm!
The kobold hits you with a +0 club.
* * * LOW HITPOINT WARNING * * *
You see here a bubbling brown potion.
You hit the kobold but do no damage. You claw the kobold, but do no damage.
The kobold closely misses you. The worm bites you.
* * * LOW HITPOINT WARNING * * *
You hit the kobold but do no damage. You claw the kobold.
The kobold is heavily wounded.
The kobold barely misses you.
You barely miss the kobold. Your kick misses the kobold.
Your peck misses the kobold.
The kobold is heavily wounded.
The worm misses you. The kobold hits you with a +0 club.
You die...

#.....# #####....
#.....####### #####
####...........#
......>..#####.# ##
####.....# #.# #.
#.....# #[##### #.
#.....# #.....# #.
#...K.#########.# #.
#..@w....... #.# #.
#........... #.# #.
#...........+ #.# #.
#...........#.#.###.
#...........#.......
#...........###.####
#........... ...#
#...........#####


You could see a worm and a kobold.

Vanquished Creatures
  A worm (D:2)
  A dart slug (D:1)
  3 bats (D:1)
  4 endoplasms
  A giant cockroach (D:2)
  A goblin (D:1)
  2 hobgoblins (D:1)
  2 quokkas (D:1)
  4 ball pythons (D:1)
  2 frilled lizards
  A kobold (D:1)
  2 rats (D:1)
24 creatures vanquished.

Notes
Turn   | Place    | Note
-------+----------+-------------------------------------------
     0 | D:1      | xian the Tengu Conjurer began the quest for the Orb.
     0 | D:1      | Reached XP level 1. HP: 10/10 MP: 4/4
   466 | D:1      | Reached XP level 2. HP: 15/15 MP: 1/6
   995 | D:1      | Found Suihotyt's Book Emporium.
  1198 | D:2      | Reached XP level 3. HP: 19/19 MP: 5/7
  1244 | D:2      | Reached skill level 6 in Conjurations
  1333 | D:2      | Slain by a kobold

Illustrated notes

Levels and vault maps discovered:
D:1:      eino_arrival_cavern_a, layout_loops_corners, serial_shops,
          nicolae_shop_hallway_stairs, minmay_shallow_snake_nest
D:2:      layout_basic, hellmonk_ecumenical_altar_heavens_door

Skill      XL: |  1  2  3 |
---------------+----------+-----
Conjurations   | 6 |  6.1
Dodging        | |  2.3
Stealth        | |  2.1
Spellcasting   | |  2.4

Action                   || total
-------------------------++-------
Melee: Unarmed           ||    13
       Peck              ||     2
       Kick              ||     6
 Cast: Magic Dart        ||    44
  Use: Scroll            ||     6
Armor: Robe              ||     2
Dodge: Dodged            ||    13

Table legend: (Time is in decaauts)
 A = Elapsed time spent in this place.
 B = Non-inter-level travel time spent in this place.
 C = Inter-level travel time spent in this place.
 D = Time resting spent in this place.
 E = Time spent auto-exploring this place.
 F = Levels seen in this place.
 G = Mean time per level.
                   A        B        C        D        E       F      G
               +--------+--------+--------+--------+--------+-----+--------+
         Total |   1332 |   1316 |     16 |      0 |   1134 |   2 |  666.0 |
       Dungeon |   1332 |   1316 |     16 |      0 |   1134 |   2 |  666.0 |
               +--------+--------+--------+--------+--------+-----+--------+

Top non-repeatable levels by time:
     D:1: 1195 daAuts
     D:2: 136 daAuts
